 Dungeon Crawl Stone Soup version 0.27-a0-1228-gfd60fd639a (webtiles) character file.

Game seed: 6792687307036180504

7483 pokeman the Thaumaturge (level 10, -1/55 (56) HPs)
             Began as a Deep Elf Hedge Wizard on June 7, 2021.
             Was an Initiate of Vehumet.
             Slain by a kobold brigand
             ... wielding a +0 dagger
              (4 damage)
             ... on level 9 of the Dungeon.
             The game lasted 00:29:04 (12048 turns).

pokeman the Thaumaturge (Deep Elf Hedge Wizard)    Turns: 12048, Time: 00:29:05

HP:   -1/55 (56)    AC:  6    Str:  7    XL:     10   Next: 94%
MP:   18/30         EV: 12    Int: 26    God:    Vehumet [......]
Gold: 505           SH:  5    Dex: 14    Spells: 26/37 levels left

rFire    . . .     SeeInvis .   p - staff of conjuration
rCold    + . .     Faith    .   w - +0 buckler
rNeg     . . .     Spirit   .   b - +0 troll leather armour {Purgy}
rPois    .         Reflect  .   U - +0 hat {Int+3}
rElec    .         Harm     .   y - +0 cloak
rCorr    .         Rampage  .   (no gloves)
Will     +....                  s - +0 pair of boots
Stlth    ++........             (no amulet)
HPRegen  1.18/turn              u - ring of wizardry
MPRegen  0.22/turn              J - ring of protection from cold

@: lethally poisoned (-1 -> -3), slowed, studying Bows, lightly drained, very
slow
A: no striking features
a: Renounce Religion


You were on level 9 of the Dungeon.
You worshipped Vehumet.
Vehumet was noncommittal.
You visited 2 branches of the dungeon, and saw 10 of its levels.
You also visited: Ossuary.

You collected 505 gold pieces.

Inventory:

Hand Weapons
 k - a +2 dagger of protection
 r - a +0 arbalest
 x - a +4 quarterstaff of chaos
 Q - a +2 vorpal longbow
 S - a +0 long sword of distortion
Missiles
 e - 146 arrows
 h - 53 bolts
 q - 8 atropa-tipped darts
Armour
 b - a +0 troll leather armour (worn) {Purgy}
 s - a +0 pair of boots (worn)
 w - a +0 buckler (worn)
 y - a +0 cloak (worn)
 U - a +0 hat of intelligence (worn)
Magical Staves
 p - a staff of conjuration (weapon)
 t - a staff of air
Jewellery
 u - a ring of wizardry (left hand)
 I - the amulet of Fuofyum {Faith -Tele Harm Fly rElec Str+4}
   (You found it on level 5 of the Dungeon)

   [amulet of faith]

   It allows you to gain divine favour quickly.
   It affects your strength (+4).
   It insulates you from electricity.
   It grants you flight.
   It prevents most forms of teleportation.
   It increases damage dealt and taken.
 J - a ring of protection from cold (right hand)
 P - an amulet of guardian spirit
Wands
 c - a wand of flame (34)
 o - a wand of digging (10)
 K - a wand of mindburst (25)
 L - a wand of paralysis (8)
 M - a wand of acid (7)
 R - a wand of iceblast (9)
 V - a wand of charming (8)
Scrolls
 a - a scroll of enchant armour {unknown}
 d - 11 scrolls of identify {unknown}
 f - a scroll of noise {unknown}
 g - 3 scrolls of fear {unknown}
 n - 2 scrolls of immolation {unknown}
 B - a scroll of brand weapon {unknown}
 C - 2 scrolls of blinking {unknown}
 F - 2 scrolls of enchant weapon {unknown}
 G - 6 scrolls of amnesia {unknown}
 H - a scroll of magic mapping {unknown}
 O - a scroll of vulnerability {unknown}
 T - a scroll of silence {unknown}
Potions
 i - 3 potions of curing {unknown}
 j - 2 potions of degeneration {unknown}
 l - 4 potions of flight {unknown}
 m - 6 potions of heal wounds {unknown}
 v - 2 potions of might {unknown}
 z - 3 potions of lignification {unknown}
 A - 3 potions of invisibility {unknown}
 D - 2 potions of cancellation {unknown}
 E - 3 potions of brilliance {unknown}
 N - 2 potions of magic {unknown}


   Skills:
 - Level 3.1 Fighting
 + Level 2.8 Armour
 - Level 3.1 Dodging
 - Level 3.0 Stealth
 - Level 4.0 Shields
 * Level 14.0 Spellcasting
 + Level 8.3 Conjurations
 - Level 1.1 Summonings
 - Level 1.1 Translocations
 + Level 7.5 Fire Magic
 - Level 1.0 Air Magic
 - Level 1.0 Poison Magic
 - Level 1.0 Evocations


You had 26 spell levels left.
You knew the following spells:

 Your Spells              Type           Power      Damage    Failure   Level
a - Magic Dart            Conj           100%       1d8       1%          1
b - Mephitic Cloud        Conj/Pois/Air  53%        N/A       1%          3
c - Call Imp              Summ           23%        N/A       1%          2
d - Blink                 Tloc           N/A        N/A       1%          2
e - Conjure Flame         Conj/Fire      73%        6-21      1%          3

Your spell library contained the following spells:

 Spells                   Type           Power      Damage    Failure   Level
 Animate Skeleton         Necr           36%        N/A       1%          1
 Pain                     Necr           72%        1d7       1%          1
 Slow                     Hex            18%        N/A       2%          2
 Vampiric Draining        Necr           9%         2d7       5%          3
 Animate Dead             Necr           9%         N/A       17%         4
 Agony                    Necr           18%        N/A       43%         5


Dungeon Overview and Level Annotations

Branches:
Dungeon (9/15)             Temple (1/1) D:7         Ossuary (visited)
   Lair: D:8-11         Orc: D:9-12

Altars:
Ashenzari
Cheibriados
Dithmenos
Elyvilon
Fedhas
Hepliaklqana
Kikubaaqudgha
Makhleb
Nemelex Xobeh
Okawaru
Qazlal
Ru
Sif Muna
Trog
Uskayaw
Vehumet
Wu Jian
Xom
Yredelemnul
Zin
The Shining One

Shops:
D:4 :   D:5 (:=[=

Annotations:
D:8 2 transporters, Cyko's ghost, novice TrBe


Message History

The howler monkey zombie is engulfed in blazing flames.
The howler monkey zombie hits you.
* * * LOW HITPOINT WARNING * * *
The kobold brigand is engulfed in noxious fumes.
The kobold brigand appears confused.
Casting: Mephitic Cloud (safe; 1% risk of failure)
Confirm with . or Enter, or press ? or * to list all spells.
Aiming: Magic Dart (safe; 1% risk of failure)
Press: ? - help, Shift-Dir - straight line, f - orc, p - kobold brigand
Aim: an orc, wielding a +0 whip (100% to hit)
You feel a surge of power!
The magic dart hits the howler monkey zombie.
The howler monkey zombie is severely damaged.
* * * LOW HITPOINT WARNING * * *
You feel extremely sick.
The howler monkey zombie is engulfed in blazing flames.
You destroy the howler monkey zombie!
Vehumet accepts your kill.
Casting: Magic Dart (safe; 1% risk of failure)
Confirm with . or Enter, or press ? or * to list all spells.
Aiming: Magic Dart (safe; 1% risk of failure)
Press: ? - help, Shift-Dir - straight line, f/p - orc
Aim: an orc, wielding a +0 whip (100% to hit)
You feel a surge of power!
The magic dart hits the orc.
The orc is lightly wounded.
* * * LOW HITPOINT WARNING * * *
You feel very sick.
The kobold brigand is engulfed in noxious fumes.
The kobold brigand appears confused.
Casting: Magic Dart (safe; 1% risk of failure)
Confirm with . or Enter, or press ? or * to list all spells.
Aiming: Magic Dart (safe; 1% risk of failure)
Press: ? - help, Shift-Dir - straight line, f/p - orc
Aim: an orc, wielding a +0 whip (lightly wounded, 100% to hit)
You feel a surge of power!
The magic dart hits the orc.
The orc is moderately wounded.
* * * LOW HITPOINT WARNING * * *
You feel very sick.
The kobold brigand hits you with a +0 dagger.
You die...

...........................
'.........................#
#...................).....#
..............°)..........#
......(......○.##.........#
......###....#○####..##..##
....K<# #....#..# #..#
......###....##K###..#
........'....##.@##......#
.########....###§##......#
# #....##.o...........
#....##...°...Z.####
#####.#####..........
###(....#####[......#?#. .
#.).........#.......#.... .
#...........#.......#
..#...........###......


You could see a kobold brigand (confused) and an orc.

Vanquished Creatures
  Gastronok (D:8)
  An ugly thing (D:8)
  Maurice (D:8)
  Prince Ribbit (D:8)
  Sigmund (D:6)
  2 wraiths
  4 yaks (D:8)
  Grum (D:8)
  A vampire mosquito (D:8)
  A water moccasin (D:9)
  Purgy (D:3)
  Duvessa (D:6)
  A necrophage (D:7)
  2 orc warriors
  6 black bears
  3 wolves (D:8)
  4 ogres
  2 centaurs
  4 phantoms
  An elf zombie (Ossuary)
  A gnoll sergeant (D:6)
  2 bullfrogs
  Dowan (D:6)
  3 scorpions
  A water moccasin zombie (D:5)
  A wyvern skeleton (D:5)
  4 wights (D:6)
  A howler monkey (D:4)
  A bullfrog zombie (D:7)
  3 jellies
  A human zombie (Ossuary)
  2 orc priests (D:8)
  Crazy Yiuf (D:3)
  3 hounds
  A bullfrog skeleton (D:4)
  2 iguanas
  Natasha (twice) (D:3)
  5 orc wizards
  2 killer bee zombies (D:8)
  3 mummies (Ossuary)
  A howler monkey zombie (D:9)
  A howler monkey skeleton (D:7)
  12 gnolls
  6 adders
  2 shadow imps
  A white imp (D:5)
  An ufetubus (D:5)
  A worm (D:3)
  15 orcs
  7 endoplasms
  2 giant cockroaches
  A gnoll zombie (Ossuary)
  4 goblins
  8 hobgoblins
  8 jackals
  4 quokkas
  5 ball pythons
  3 bats
  3 frilled lizards
  5 goblin zombies (Ossuary)
  A hobgoblin zombie (Ossuary)
  5 kobolds
  4 kobold zombies (Ossuary)
  An orc zombie (Ossuary)
  7 rats
187 creatures vanquished.

Vanquished Creatures (collateral kills)
  A worm (D:3)
  2 orcs (D:3)
  A jackal (D:3)
4 creatures vanquished.

Vanquished Creatures (others)
  An orc priest (D:9)
1 creature vanquished.

Grand Total: 192 creatures vanquished

Notes
Turn   | Place    | Note
-------+----------+-------------------------------------------
     0 | D:1      | pokeman the Deep Elf Hedge Wizard began the quest for the
                  | Orb.
     0 | D:1      | Reached XP level 1. HP: 10/10 MP: 7/7
   473 | D:1      | Reached XP level 2. HP: 15/15 MP: 6/9
  1328 | D:2      | Found a snail-covered altar of Cheibriados.
  1336 | D:2      | Reached skill level 5 in Spellcasting
  1421 | D:2      | Reached XP level 3. HP: 20/20 MP: 9/11
  1425 | D:2      | Learned a level 3 spell: Mephitic Cloud
  1428 | D:2      | Learned a level 2 spell: Call Imp
  1431 | D:2      | Learned a level 2 spell: Blink
  1435 | D:2      | Learned a level 3 spell: Conjure Flame
  2077 | D:3      | Reached skill level 1 in Fighting
  2079 | D:3      | Reached skill level 1 in Armour
  2157 | D:3      | Found a faded altar of an unknown god.
  2158 | D:3      | Noticed Purgy
  2263 | D:3      | Noticed a black bear
  2782 | D:3      | Killed Purgy
  2783 | D:3      | Reached skill level 6 in Spellcasting
  2783 | D:3      | Reached skill level 1 in Fire Magic
  2783 | D:3      | Reached XP level 4. HP: 24/25 MP: 7/14
  2783 | D:3      | Reached XP level 5. HP: 28/29 MP: 7/15
  2868 | D:3      | Killed a black bear
  2869 | D:3      | Reached skill level 1 in Air Magic
  3304 | D:3      | Noticed Natasha
  3312 | D:3      | Killed Natasha
  3313 | D:3      | Reached XP level 6. HP: 34/34 MP: 12/17
  3663 | D:3      | Found a runed translucent door.
  3664 | D:3      | Noticed Crazy Yiuf
  3675 | D:3      | Killed Crazy Yiuf
  3976 | D:3      | Noticed Natasha
  3981 | D:3      | Killed Natasha
  3982 | D:3      | Reached skill level 7 in Spellcasting
  3982 | D:3      | Reached skill level 1 in Poison Magic
  4220 | D:4      | Reached skill level 1 in Evocations
  4347 | D:4      | Found a sand-covered staircase.
  4355 | Ossuary  | Entered an ossuary
  4355 | Ossuary  | Noticed a wraith
  4355 | Ossuary  | Noticed a wraith
  4355 | Ossuary  | Noticed a wraith
  4422 | Ossuary  | Reached skill level 1 in Shields
  4422 | Ossuary  | Reached XP level 7. HP: 38/38 MP: 16/20
  4796 | Ossuary  | Noticed a wraith
  4849 | Ossuary  | Killed a wraith
  4850 | Ossuary  | Reached skill level 8 in Spellcasting
  5458 | D:4      | Found Ympoedea's Book Shoppe.
  5824 | D:5      | Entered Level 5 of the Dungeon
  5843 | D:5      | Reached XP level 8. HP: 42/44 MP: 6/22
  5844 | D:5      | Reached skill level 9 in Spellcasting
  5994 | D:5      | Identified the amulet of Fuofyum {Faith -Tele Harm Fly
                  | rElec Str+4}
  6009 | D:5      | Found Reysepem's Book Emporium.
  6031 | D:5      | Found Waegyob's Antique Weapon Emporium.
  6252 | D:5      | Found Boigy's Jewellery Emporium.
  6262 | D:5      | Found Umicyemm's Antique Armour Boutique.
  6287 | D:5      | Found Xototziw's Jewellery Shoppe.
  6604 | D:5      | Reached skill level 5 in Conjurations
  7103 | D:6      | Noticed Duvessa
  7107 | D:6      | Noticed Dowan
  7108 | D:6      | Reached skill level 10 in Spellcasting
  7517 | D:6      | Killed Duvessa
  7520 | D:6      | Reached XP level 9. HP: 48/48 MP: 14/25
  7523 | D:6      | Killed Dowan
  8095 | D:6      | Reached skill level 11 in Spellcasting
  8173 | D:6      | Reached skill level 5 in Fire Magic
  8491 | D:6      | Noticed Sigmund
  8531 | D:6      | Killed Sigmund
  9146 | D:7      | Found a staircase to the Ecumenical Temple.
  9153 | Temple   | Entered the Ecumenical Temple
  9278 | Temple   | Became a worshipper of Vehumet
  9905 | D:8      | Noticed Grum
  9920 | D:8      | Killed Grum
  9921 | D:8      | Reached skill level 12 in Spellcasting
 10044 | D:8      | Noticed Cyko's ghost (novice TrBe)
 10045 | D:8      | Found a transporter.
 10213 | D:8      | Noticed Prince Ribbit
 10218 | D:8      | Noticed a cyan ugly thing
 10230 | D:8      | Killed Prince Ribbit
 10293 | D:8      | Found a transporter.
 10407 | D:8      | Reached XP level 10. HP: 40/53 MP: 20/28
 10602 | D:8      | Noticed Gastronok
 10645 | D:8      | Killed Gastronok
 10646 | D:8      | Reached skill level 13 in Spellcasting
 11445 | D:9      | Noticed Maurice
 11561 | D:9      | Noticed a brown ugly thing
 11613 | D:8      | Killed Maurice
 11809 | D:8      | Killed a brown ugly thing
 12043 | D:9      | Reached skill level 14 in Spellcasting
 12048 | D:9      | Slain by a kobold brigand

Illustrated notes

Levels and vault maps discovered:
D:1:      eino_arrival_cavern_a, layout_basic, minmay_tetromino_t2
D:2:      minmay_door_path, layout_basic, basic_altar,
          chequers_serial_rivers_micro_c
D:3:      layout_loops_corners, hellmonk_ecumenical_altar_dog_temple,
          minmay_misc_feat_pillars, solitary_fountain, minmay_cut_off,
          uniq_crazy_yiuf_cottage, uniq_natasha, uniq_purgy
D:4:      layout_rooms, lightli_ossuary_entry_decrepit_ruins, serial_shops, shop
D:5:      minmay_recursive_quarters, layout_cave_pools, serial_shops,
          kennysheep_little_box, shop, shop, nicolae_shop_overgrown_old_shop,
          shop, nicolae_sextant
D:6:      layout_loops_ring, grunt_ministairs_12,
          chequers_serial_rivers_micro_a, sigmund_army, uniq_duvessa
D:7:      layout_gridville, minmay_temple_entry_wispy, feat_on_display
D:8:      layout_cave_pods, gammafunk_ghost_arena, uniq_grum,
          uniq_prince_ribbit1, uniq_gastronok
D:9:      minmay_curly_fans, layout_basic, st_stairs_2, uniq_maurice
Temple:   kilobyte_greek_temple

Skill      XL: |  1  2  3  4  5  6  7  8  9 10 |
---------------+-------------------------------+-----
Spellcasting   | 5 6 7 8 10 12 14 | 14.0
Fighting       | 1 2 3 |  3.1
Armour         | 1 2 |  2.8
Conjurations   | 2 3 4 5 7 8 |  8.3
Dodging        | 3 |  3.1
Fire Magic     | 1 2 4 6 7 |  7.5
Air Magic      | 1 |  1.0
Stealth        | 3 |  3.0
Poison Magic   | 1 |  1.0
Evocations     | 1 |  1.0
Shields        | 1 2 3 4 |  4.0
Summonings     | |  1.1
Translocations | |  1.1

Action                   |  1- 3 |  4- 6 |  7- 9 | 10-12 || total
-------------------------+-------+-------+-------+-------++-------
Melee: Dagger            |    17 |       |       |       ||    17
       Staff             |     2 |    26 |    37 |     9 ||    74
 Fire: Arbalest          |       |       |    19 |       ||    19
       Longbow           |       |       |       |    15 ||    15
 Cast: Magic Dart        |    85 |    71 |   346 |    75 ||   577
       Conjure Flame     |     4 |     5 |    26 |    23 ||    58
       Mephitic Cloud    |     1 |     5 |    22 |    11 ||    39
       Call Imp          |     1 |     1 |     4 |     6 ||    12
       Blink             |     1 |       |     9 |     3 ||    13
 Stab: Confused          |     1 |     2 |     8 |     2 ||    13
Armor: Robe              |    12 |       |       |       ||    12
       Troll leather arm |       |    10 |    35 |     8 ||    53
Dodge: Dodged            |    39 |    23 |    97 |    31 ||   190
Block: Buckler           |       |       |       |    10 ||    10

Table legend: (Time is in decaauts)
 A = Elapsed time spent in this place.
 B = Non-inter-level travel time spent in this place.
 C = Inter-level travel time spent in this place.
 D = Time resting spent in this place.
 E = Time spent auto-exploring this place.
 F = Levels seen in this place.
 G = Mean time per level.
                   A        B        C        D        E       F      G
               +--------+--------+--------+--------+--------+-----+--------+
         Total |  12099 |  11499 |    600 |   1094 |   8356 |  11 | 1099.9 |
       Dungeon |  11011 |  10450 |    561 |   1094 |   7507 |   9 | 1223.4 |
        Temple |    168 |    129 |     39 |      0 |    113 |   1 |  168.0 |
       Ossuary |    920 |    920 |      0 |      0 |    736 |   1 |  920.0 |
               +--------+--------+--------+--------+--------+-----+--------+

Top non-repeatable levels by time:
     D:8: 1969 daAuts
     D:3: 1773 daAuts
     D:2: 1623 daAuts
     D:6: 1524 daAuts
     D:5: 1241 daAuts
     D:7: 1038 daAuts
 Ossuary: 920 daAuts
     D:4: 846 daAuts
     D:1: 803 daAuts
     D:9: 192 daAuts
  Temple: 168 daAuts
